AoeStats
← Atmaca3307

Arabia

509880745Analyzed
1v1 RM · 3d ago on Sep 28, 2026· 27m 31s· 2 players
Game mode
Random Map
Map size
Tiny (2 player)
Population
200
Speed
Normal
Resources
Standard
Victory
Conquest
Starting age
Dark Age
Ending age
Imperial Age
RankedLock teamsTeams togetherTeam positionsShared explorationLock speedFull tech treeHidden civsTurbo modeCheats
Victory
Defeat
🇪🇸 Bengalis · Spain
347
+12
🇹🇷 Turks · Türkiye
257
-12
Atmaca3307
12:02 Feudal Age
13:21 Wheelbarrow
12:35 Double-Bit Axe
12:33 Horse Collar
22:00 Bloodlines
22:01 Scale Barding Armor
21:57 Scale Mail Armor
22:08 Forging
22:01 Padded Archer Armor
22:20 Gold Mining
22:21 Stone Mining
28:46 Castle Age
vict9r
12:42 Feudal Age
13:58 Wheelbarrow
15:25 Double-Bit Axe
16:01 Horse Collar
16:39 Town Watch
18:18 Gold Mining
19:37 Man-at-Arms
20:03 Arson
21:03 Stone Mining
23:51 Castle Age
23:57 Bloodlines
25:05 Light Cavalry
25:45 Husbandry
27:06 Hand Cart
Connection lost

Rejoining the realm…

Still unreachable

The connection could not be restored.

Session expired

The server has moved on; the page needs a fresh start.